cohdb
Replays
Latest Replays
All Replays
Popular Replays
Top Player Replays
Match Explorer
How It Works
Community
CoH3 Stats
Reddit
Sign in to upload your games and track your stats! →
Sign in with Steam
Match 41290384
Unlisted
Match 41290384
Overview
Messages
Build Orders
End
Construct Barracks
Selects Airborne Battlegroup
Selects Heavy Machine Gun Paradrop
Heavy Machine Gun Paradrop
Riflemen Squad
1⁄4-ton 4x4 Truck
Riflemen Squad
Engineer Squad
Grenade Package
.30 cal Machine Gun
Construct Medical Station
Mechanized Support Center
Selects Paratrooper Squad Paradrop
Construct Motor Pool
Mortar Pit
M8 Greyhound Armored Car
Selects Anti-tank Gun Team Paradrop
Riflemen Squad
Selects Recon Loiter
M3 75 mm Gun Motor Carriage
M3 75 mm Gun Motor Carriage
Designate Forward Repair Station
.30 cal Machine Gun
M1918 Browning Automatic Rifles
.30 cal Machine Gun
Recon Loiter
Anti-tank Gun Team Paradrop
Construct Tank Depot
Koslov
Cyber VietCong
Guardians_folly
✠ Freeman
0
0
Comments
sign in to comment!
No comments posted yet!